 Dungeon Crawl Stone Soup version 0.29-a0-1008-g949cc1d0fb (webtiles) character file.

Game seed: 9711336755505676320

28 gelatine the Firebug (level 2, 0/19 HPs)
             Began as a Demonspawn Fire Elementalist on Aug 8, 2022.
             Slain by Robin
             ... wielding a +0 spear
              (4 damage)
             ... on level 1 of the Dungeon.
             The game lasted 00:02:45 (1513 turns).

gelatine the Firebug (Demonspawn Fire Elementalist) Turns: 1513, Time: 00:02:45

Health: 0/19       AC:  2    Str:  8    XL:     2   Next: 96%
Magic:  5/5        EV: 12    Int: 16    God:
Gold:   37         SH:  0    Dex: 13    Spells: 4/5 levels left

rFire   . . .      SeeInvis .   f - +0 short sword
rCold   . . .      Faith    .   (no shield)
rNeg    . . .      Spirit   .   a - +0 robe
rPois   .          Reflect  .   (no helmet)
rElec   .          Harm     .   (no cloak)
rCorr   .          Rampage  .   (no gloves)
Will    .....                   (no boots)
Stlth   ++........              (no amulet)
HPRegen 0.06/turn               (no ring)
MPRegen 0.09/turn               (no ring)

@: no status effects
A: claws 1
a: no special abilities


You were on level 1 of the Dungeon.
You visited 1 branch of the dungeon, and saw 2 of its levels.

You collected 37 gold pieces.

Inventory:

Hand Weapons
 f - a +0 short sword (weapon)
Missiles
 e - 6 boomerangs
Armour
 a - a +0 robe (worn)
Scrolls
 c - 2 scrolls of identify {unknown}
 g - a scroll of magic mapping {unknown}
 i - a scroll of poison {unknown}
 j - a scroll of vulnerability {unknown}
 k - a scroll of teleportation {unknown}
Potions
 b - 2 potions of mutation {unknown}
 d - a potion of heal wounds {unknown}
 h - a potion of curing {unknown}


   Skills:
 + Level 1.8 Dodging
 + Level 1.8 Stealth
 + Level 2.4 Spellcasting
 + Level 1.6 Conjurations
 + Level 3.1 Fire Magic


You had 4 spell levels left.
You knew the following spells:

 Your Spells              Type           Power      Damage    Failure   Level
a - Foxfire               Conj/Fire      36%        2x1d5     8%          1

Your spell library contained the following spells:

 Spells                   Type           Power      Damage    Failure   Level
 Scorch                   Fire           24%        2d6       9%          2
 Conjure Flame            Conj/Fire      9%         6-21      22%         3
 Blink                    Tloc           2%         N/A       30%         2
 Inner Flame              Hex/Fire       7%         N/A       30%         3
 Flame Wave               Conj/Fire      9%         2d6       58%         4
 Manifold Assault         Tloc           1%         N/A       99%         5
 Storm Form               Tmut/Air       0%         N/A       100%        7


Dungeon Overview and Level Annotations

Branches:
Dungeon (2/15)

Altars:

Annotations:
D:1 Robin


Innate Abilities, Weirdness & Mutations

You have sharp fingernails.


Message History

You kill the bat!
You conjure some foxfire!
The foxfire hits the endoplasm.
The endoplasm is severely wounded.
The endoplasm quivers.
You conjure some foxfire!
The foxfire hits the endoplasm but does no damage.
The endoplasm is severely wounded.
You conjure some foxfire!
The foxfire hits the endoplasm.
You kill the endoplasm!
Your foxfire dissipates!
Your foxfire dissipates! x2
There is an empty arch of ancient stone here.
You see here a hobgoblin skeleton.
Found a short sword.
Done exploring.
Done exploring.
There is a stone staircase leading down here.
You climb downwards.
The goblin shouts! x3; The hobgoblin shouts!
The ball python hisses angrily.
The goblin shouts! x5
Found a barding.
Found a stone staircase leading down.
There is a stone staircase leading up here.
The goblin hits you with a +0 dagger. The goblin hits you with a +0 club.
Robin throws the goblin at you! The goblin hits you with a +0 dagger.
You climb upwards.
There is a stone staircase leading down here.
There is not enough space to conjure foxfire!
You closely miss the goblin. The goblin barely misses you.
Robin roars a battlecry!
The goblins go into a battle-frenzy!
The goblin misses you.
You hit the goblin.
The goblin is heavily wounded.
The goblin hits you with a +0 dagger. The goblin hits you but does no damage.
You closely miss the goblin.
The goblin is moderately wounded.
The goblin hits you with a +0 dagger.
* * * LOW HITPOINT WARNING * * *
Robin hits you from afar with a +0 spear.
You die...

.# ##### #.############# #. .#
#...# #.# #. .###...########.# #.
.#..............# #.
.........######## #. .#.......#
#. .###...### ### #. .# #...#
##.###################. .# #####
##.#.gg@gg..............
##########.###.##################
..........## ##.#
##########.###.## ##.#.## ##.##
###


You could see Robin and 3 goblins.

Vanquished Creatures
  6 bats (D:1)
  3 endoplasms (D:1)
  A giant cockroach (D:1)
  A goblin (D:1)
  5 hobgoblins (D:1)
  A kobold (D:1)
  A quokka (D:1)
  3 ball pythons (D:1)
  A frilled lizard (D:1)
  2 rats (D:1)
24 creatures vanquished.

Vanquished Creatures (others)
  88 foxfires (D:1)
  4 toadstools (D:1)
92 creatures vanquished.

Grand Total: 116 creatures vanquished

Notes
Turn   | Place    | Note
-------+----------+-------------------------------------------
     0 | D:1      | gelatine the Demonspawn Fire Elementalist began the quest
                  | for the Orb.
     0 | D:1      | Reached XP level 1. HP: 13/13 MP: 3/3
   456 | D:1      | Reached skill level 3 in Fire Magic
   456 | D:1      | Gained mutation: You have sharp fingernails. [demonic
                  | ancestry]
   456 | D:1      | Reached XP level 2. HP: 19/19 MP: 3/5
   748 | D:1      | Found a faded altar of an unknown god.
  1508 | D:2      | Noticed Robin
  1513 | D:1      | Slain by Robin

Illustrated notes

Levels and vault maps discovered:
D:1:      ldierk_water_garden, layout_loops_ring,
          hellmonk_ecumenical_altar_arch_garden, supply_closet_lemuel
D:2:      layout_rooms, minmay_lizard_king, uniq_robin, uniq_natasha,
          uniq_sigmund

Skill      XL: |  1 |
---------------+----+-----
Fire Magic     | 3 |  3.1
Dodging        | |  1.8
Stealth        | |  1.8
Spellcasting   | |  2.4
Conjurations   | |  1.6

Action                   || total
-------------------------++-------
Melee: Unarmed           ||     3
       Short sword       ||    17
 Cast: Foxfire           ||    54
  Use: Potion            ||     1
Armor: Robe              ||     9
Dodge: Dodged            ||    23

Table legend: (Time is in decaauts)
 A = Elapsed time spent in this place.
 B = Non-inter-level travel time spent in this place.
 C = Inter-level travel time spent in this place.
 D = Time resting spent in this place.
 E = Time spent auto-exploring this place.
 F = Levels seen in this place.
 G = Mean time per level.
                   A        B        C        D        E       F      G
               +--------+--------+--------+--------+--------+-----+--------+
         Total |   1517 |   1452 |     65 |      0 |   1259 |   2 |  758.5 |
       Dungeon |   1517 |   1452 |     65 |      0 |   1259 |   2 |  758.5 |
               +--------+--------+--------+--------+--------+-----+--------+

Top non-repeatable levels by time:
     D:1: 1515 daAuts
     D:2: 1 daAuts
